Map: 莱瑞拉克之冠

Players

sLeAzy

  • Race: Terran Terran
  • League: Platinum

shengy - Winner!

  • Race: Zerg Zerg
  • League: Platinum

VOD

Have the link to the VOD?

Description

Time

  • Played on: Dec. 28, 2015, 9:48 p.m.
  • Length: 13:50
Show
View Real Time Build Order
Export as new Build Order

sLeAzy Terran 

Build Orders: Reaper Expand 

Get SALT Encoding   

  12  0:00  SCV  
  13  0:13  SCV  
  14  0:21  Supply Depot  
  14  0:25  SCV  
  15  0:41  Refinery  
  15  0:47  Barracks  
  15  0:52  SCV  
  16  1:05  SCV  
  17  1:17  SCV  
  18  1:30  SCV  
  19  1:44  Orbital Command  
  19  1:45  Reaper  
  20  1:49  Supply Depot  
  20  2:04  Command Center  
  20  2:11  SCV  
  20  2:20  Marine  
  20  2:21  Bunker  
  21  2:29  Factory  
  21  2:33  SCV  
  22  2:38  Marine  
  23  2:45  SCV  
  24  2:57  Supply Depot  
  25  3:01  SCV  
  26  3:11  Supply Depot  
  25  3:14  Factory Reactor  
  25  3:20  Supply Depot, Orbital Command, Refinery  
  25  3:21  Barracks Reactor  
  25  3:23  SCV  
  26  3:36  SCV  
  27  3:41  Barracks  
  27  3:42  Barracks  
  28  3:48  SCV  
  28  3:49  SCV  
  28  3:54  Widow Mine x2  
  33  4:00  SCV, Marine x2  
  36  4:20  Marine x2  
  36  4:22  Widow Mine  
  40  4:24  SCV x2  
  40  4:30  Barracks Tech Lab  
  40  4:31  Barracks Reactor  
  42  4:32  Starport  
  42  4:36  SCV x2  
  44  4:42  Supply Depot  
  44  4:47  Marine  
  45  4:53  Marine x2  
  47  5:01  SCV  
  47  5:02  SCV  
  47  5:04  Marine  
  50  5:07  Widow Mine x2  
  50  5:09  Stimpack  
  50  5:10  Marine x2, Starport Reactor  
  50  5:11  Marine  
  50  5:12  Marauder  
  50  5:14  SCV x2  
  61  5:19  Bunker  
  61  5:22  Marine  
  61  5:28  Marine x2  
  64  5:37  SCV  
  64  5:38  SCV  
  64  5:42  Supply Depot  
  66  5:43  Marine x2  
  66  5:44  Marauder, Widow Mine x2  
  66  5:45  Engineering Bay x2  
  66  5:47  Medivac  
  77  5:50  SCV  
  77  5:55  SCV  
  78  6:08  Barracks, Marine x5  
  83  6:12  SCV x2  
  85  6:21  Terran Infantry Armor Level 1, Terran Infantry Weapons Level 1  
  85  6:26  Marine  
  85  6:27  Missile Turret  
  85  6:30  Missile Turret  
  85  6:32  Missile Turret  
  86  6:35  Missile Turret  
  86  6:39  Supply Depot  
  86  7:01  SCV x2, Marine x4  
  92  7:02  Barracks Reactor  
  92  7:09  Marine  
  92  7:10  Missile Turret  
  92  7:11  Missile Turret  
  92  7:13  SCV  
  94  7:17  Supply Depot  
  94  7:21  Supply Depot x2  
  94  7:33  SCV  
  94  7:39  Widow Mine, Medivac x2, Marine x2  
  94  7:42  Widow Mine  
  104  7:45  SCV, Missile Turret  
  105  7:53  Marine  
  105  7:54  Marauder  
  105  7:57  Missile Turret x2  
  108  8:00  Marine x3  
  108  8:04  Missile Turret  
  111  8:07  Widow Mine  
  111  8:09  Armory  
  113  8:15  Marauder, Marine x2  
  113  8:18  Refinery x2  
  117  8:20  Supply Depot x2  
  117  8:22  Marine  
  118  8:41  Medivac x2, Marine x5  
  118  8:42  Marauder  
  129  8:52  Command Center  
  120  8:58  Marine  
  120  8:59  Marine x3  
  124  9:03  Marauder  
  126  9:11  Medivac x2  
  130  9:24  Marauder  
  130  9:25  Terran Infantry Weapons Level 2, Terran Infantry Armor Level 2  
  128  9:42  Widow Mine x2, Marine x2  
  128  9:43  Marine x4  
  128  9:45  Factory, Marine  
  133  10:00  Marine  
  133  10:03  Marine x2  
  133  10:06  Marine x4  
  140  10:09  Medivac x2  
  140  10:10  Widow Mine x2  
  148  10:18  Marine  
  149  10:33  Supply Depot x2, Orbital Command  
  149  10:34  Supply Depot  
  149  10:36  Marine  
  149  10:54  Widow Mine x2, Marine x4  
  149  10:55  Marauder, Marine  
  152  11:13  Marine x3  
  152  11:14  Marine x3  
  152  11:16  Factory Tech Lab, Orbital Command  
  152  11:17  Marauder  
  160  11:23  Widow Mine x2  
  164  11:31  Marine x4  
  138  11:51  Widow Mine, Marine x4  
  138  11:52  Marine x3  
  133  12:00  SCV x2  
  134  12:06  SCV  
  135  12:09  Marine x6  
  135  12:10  Marine  
  135  12:12  SCV x2  
  138  12:22  SCV  
  139  12:24  SCV x2  
  139  12:27  Marine x6  
  145  12:34  SCV  
  145  12:36  Refinery  
  146  12:40  Refinery  
  57  13:21  Marine x7  
Show
View Real Time Build Order
Export as new Build Order

shengy Zerg - Winner!

Build Orders: Pool First, Muta Ling Bane 

Get SALT Encoding   

  12  0:02  Drone  
  13  0:08  Drone  
  14  0:16  Overlord  
  15  0:35  Drone  
  15  0:36  Drone x2  
  17  0:46  Spawning Pool  
  17  0:48  Drone  
  17  0:52  Extractor  
  17  0:57  Drone  
  17  1:08  Drone  
  18  1:28  Hatchery  
  17  1:33  Zergling x2  
  17  1:34  Zergling x2  
  19  1:40  Queen  
  21  1:48  Drone  
  22  1:58  Overlord  
  22  2:04  Metabolic Boost  
  22  2:17  Drone x2  
  22  2:19  Queen  
  26  2:29  Zergling x2  
  26  2:37  Spine Crawler  
  26  2:43  Baneling Nest  
  24  2:48  Drone  
  24  2:49  Drone x2  
  27  2:58  Drone x2  
  29  3:03  Drone  
  30  3:06  Drone  
  30  3:12  Drone x2  
  33  3:14  Drone  
  33  3:17  Drone  
  35  3:28  Drone  
  35  3:32  Lair  
  36  3:35  Extractor  
  36  3:39  Evolution Chamber  
  34  3:44  Drone x2  
  34  3:45  Overlord  
  36  3:48  Overlord  
  36  4:03  Overlord  
  36  4:05  Zerg Melee Weapons Level 1  
  36  4:14  Drone  
  36  4:15  Drone x6  
  43  4:20  Drone x2  
  43  4:24  Extractor  
  44  4:26  Overlord  
  44  4:31  Drone x2  
  46  4:35  Drone x3  
  49  4:41  Drone  
  50  4:56  Drone x3  
  50  4:57  Queen  
  50  4:58  Overlord  
  50  4:59  Overlord  
  55  5:12  Centrifical Hooks  
  55  5:13  Overlord  
  55  5:20  Drone  
  55  5:21  Spire, Drone x5, Evolution Chamber  
  58  5:33  Zergling x6  
  58  5:34  Zergling x2  
  62  5:41  Extractor  
  61  5:46  Drone x3  
  61  5:49  Drone  
  66  5:50  Drone x2  
  66  5:53  Extractor, Drone x2  
  66  5:54  Hatchery  
  67  5:57  Extractor  
  67  5:59  Drone  
  67  6:09  Zerg Ground Armor Level 1  
  67  6:10  Zerg Melee Weapons Level 2  
  67  6:12  Overlord  
  67  6:28  Overlord x2  
  67  6:45  Baneling x3  
  67  6:48  Mutalisk x6  
  79  6:56  Zerg Flyer Weapons Level 1  
  79  6:58  Zergling x2  
  79  6:59  Zergling x4  
  82  7:08  Queen  
  82  7:10  Drone x3  
  82  7:14  Mutalisk x2  
  91  7:20  Zergling x2  
  91  7:21  Zergling x6  
  95  7:23  Baneling x4  
  95  7:28  Spine Crawler  
  94  7:30  Spore Crawler  
  94  7:32  Drone x4  
  95  7:41  Spine Crawler  
  95  7:42  Spore Crawler  
  91  7:56  Drone x3  
  91  7:57  Drone x7  
  101  8:14  Zerg Ground Armor Level 2  
  101  8:15  Infestation Pit  
  101  8:16  Zergling x10  
  105  8:21  Hatchery, Extractor, Zergling x2  
  105  8:22  Zergling x2  
  105  8:23  Overlord x2  
  105  8:30  Drone x2, Spore Crawler, Spine Crawler  
  105  8:31  Spine Crawler  
  104  8:39  Zergling x2  
  104  8:40  Overlord  
  104  8:41  Overlord x2  
  105  8:54  Mutalisk x2  
  105  8:55  Mutalisk x3  
  113  8:57  Zergling x12  
  113  9:00  Overseer  
  121  9:04  Hive  
  121  9:05  Pneumatized Carapace  
  121  9:07  Zergling x2  
  121  9:08  Zergling x4  
  121  9:24  Baneling x4  
  121  9:25  Baneling x6  
  119  9:50  Zerg Flyer Weapons Level 2  
  119  9:51  Pathogen Glands  
  119  9:57  Overseer x2  
  119  9:58  Overseer x2  
  120  10:00  Zergling x30  
  134  10:08  Zergling x2  
  134  10:12  Queen  
  134  10:14  Drone x3  
  140  10:41  Baneling  
  140  10:42  Baneling x6  
  139  10:50  Overlord x2  
  134  11:05  Zerg Melee Weapons Level 3  
  134  11:06  Zerg Ground Armor Level 3  
  134  11:08  Infestor x2  
  134  11:09  Infestor x2  
  134  11:10  Ultralisk Cavern  
  141  11:14  Queen  
  141  11:15  Drone x5  
  141  11:16  Zergling x2  
  141  11:17  Zergling x26  
  162  11:19  Baneling x3  
  161  11:35  Overlord x4  
  122  11:56  Zergling x2  
  122  11:57  Zergling x2  
  122  11:58  Ultralisk  
  122  11:59  Ultralisk x3  
  147  12:14  Overseer  
  145  12:25  Chitinous Plating  
  145  12:30  Extractor  
  145  12:31  Spore Crawler, Drone x3  
  145  12:32  Drone x3, Spine Crawler  
  145  12:33  Spine Crawler, Drone  
  148  12:48  Zergling x2  
  148  12:49  Zergling x16  
  153  13:09  Zergling x4  
  153  13:10  Zergling x16  
Tags
 
Add a new tag
Caveats
  • Supply blocks, unpowered buildings, or Contaminate may cause inaccurate times.
  • Supply counts are checked every 10 seconds.